 Dungeon Crawl Stone Soup version 0.31.0-11-ge490571c62 (webtiles) character file.

Game seed: 13640847932583974620

98 qw the Shooter (level 4, -4/25 HPs)
             Began as a Deep Elf Hunter on Feb 5, 2024.
             Slain by a gnoll
             ... wielding a +0 club
              (5 damage)
             ... on level 3 of the Dungeon.
             The game lasted 00:00:31 (1640 turns).

qw the Shooter (Deep Elf Hunter)                    Turns: 1640, Time: 00:00:32

Health: -4/25      AC:  7    Str: 10    XL:     4   Next: 43%
Magic:  6/6        EV:  9    Int: 14    God:
Gold:   100        SH:  0    Dex: 18    Spells: 3/3 levels left

rFire   . . .        a - +0 shortbow
rCold   . . .        (shield currently unavailable)
rNeg    . . .        b - +0 scale mail
rPois   .            (no helmet)
rElec   .            (no cloak)
rCorr   .            (no gloves)
SInv    .            k - +0 pair of boots
Will    .....        (no amulet)
Stlth   +            (no ring)
HPRegen 0.24/turn    (no ring)
MPRegen 0.10/turn

%: no passive effects
@: no status effects
A: no striking features
a: no special abilities


You were on level 3 of the Dungeon.
You visited 1 branch of the dungeon, and saw 3 of its levels.

You collected 100 gold pieces.


   Skills:
 - Level 1.5 Fighting
 + Level 7.9 Ranged Weapons
 - Level 2.4 Dodging
 - Level 1.2 Stealth


You had 3 spell levels left.
You didn't know any spells.
Your spell library was empty.

Inventory:

Hand Weapons
 a - a +0 shortbow (weapon)
Armour
 b - a +0 scale mail (worn)
 k - a +0 pair of boots (worn)
Potions
 d - a potion of heal wounds
 e - a potion of mutation
 g - a potion of enlightenment
 j - a potion of might {unknown}

Dungeon Overview and Level Annotations

Branches:
Dungeon (3/15)

Altars:
Trog


Message History

Found a potion of brilliance.
An endoplasm comes into view.
The endoplasm quivers.
You shoot an arrow. The arrow barely misses the endoplasm.
You shoot an arrow. The arrow hits the endoplasm!
You kill the endoplasm!
You now have 87 gold pieces (gained 3).
You now have 100 gold pieces (gained 13).
Found a stone staircase leading up.
Found a stone staircase leading down. 2 gnolls come into view.
Found a dagger.
Found a bloodstained altar of Trog.
The gnoll hits you from afar with a +0 spear.
You shoot an arrow. The arrow hits the gnoll!
The gnoll is heavily wounded.
The gnoll barely misses you.
You shoot an arrow. The arrow barely misses the gnoll.
You shoot an arrow. The arrow barely misses the gnoll.
A gnoll comes into view. It is wielding a +0 whip.
You shoot an arrow. The arrow hits the gnoll.
The gnoll is moderately wounded.
The gnoll hits you with a +0 club. The gnoll hits you but does no damage.
The gnoll hits you with a +0 whip.
You shoot an arrow. The arrow closely misses the gnoll.
The gnoll hits you with a +0 whip. The gnoll hits you but does no damage.
The gnoll hits you from afar with a +0 spear.
You shoot an arrow.
The arrow hits the gnoll but does no damage.
The gnoll is moderately wounded.
The gnoll closely misses you.
The gnoll hits you from afar with a +0 spear.
The gnoll completely misses you.
You shoot an arrow. The arrow hits the gnoll.
The gnoll is heavily wounded.
The gnoll hits you with a +0 whip.
The gnoll hits you from afar with a +0 spear.
The gnoll closely misses you.
The gnoll hits you from afar with a +0 spear.
The gnoll hits you with a +0 club.
You die...

#.#...#.#
#.# .#
##.......#
#.# #
.....##.##.#
#.#
####.#...#.#
#.#
#...#...# #.
#..###..#
##>.#..##
##...##
##@##
#ggg._...
####...##
.## .. .# #


You could see 3 gnolls.

Vanquished Creatures
  4 gnolls (D:2)
  An adder (D:2)
  A ribbon worm (D:2)
  A dart slug (D:1)
  5 bats
  4 endoplasms
  3 giant cockroaches
  4 goblins
  7 hobgoblins
  2 quokkas
  3 ball pythons (D:1)
  3 frilled lizards (D:1)
  2 kobolds
  3 rats (D:1)
43 creatures vanquished.

Notes
Turn   | Place    | Note
-------+----------+-------------------------------------------
     0 | D:1      | qw the Deep Elf Hunter began the quest for the Orb.
     0 | D:1      | Reached XP level 1. HP: 12/12 MP: 3/3
     0 | D:1      | 0 ||| qw: Version: 0.3-a-160-g6735b56
     0 | D:1      | 0 ||| qw: Game counter: 6207
     0 | D:1      | 0 ||| qw: Melee chars always use a shield: true
     0 | D:1      | 0 ||| qw: God list: Okawaru
     0 | D:1      | 0 ||| qw: Allow faded altars: false
     0 | D:1      | 0 ||| qw: Do Orc after clearing Dungeon:15 true
     0 | D:1      | 0 ||| qw: Do second Lair branch before Depths: true
     0 | D:1      | 0 ||| qw: Lair rune preference: random
     0 | D:1      | 0 ||| qw: Goals: Normal
     0 | D:1      | 0 ||| PLANNING D:1-11
   145 | D:1      | Reached skill level 6 in Ranged Weapons
   145 | D:1      | Reached XP level 2. HP: 16/16 MP: 4/4
   395 | D:1      | Reached XP level 3. HP: 20/20 MP: 5/5
   642 | D:1      | 642 ||| UPGRADING to +0 pair of boots.
   647 | D:1      | 647 ||| READING 3 scrolls labelled KOCOEG TIAMAO.
   647 | D:1      | 647 ||| IDENTIFYING fuming sapphire potion
   648 | D:1      | 648 ||| READING 2 scrolls of identify.
   648 | D:1      | 648 ||| IDENTIFYING purple potion
   649 | D:1      | 649 ||| READING scroll of identify.
   649 | D:1      | 649 ||| IDENTIFYING golden potion
   650 | D:1      | 650 ||| READING scroll labelled COLAQOUKAA.
   651 | D:1      | 651 ||| DRINKING 2 puce potions.
   652 | D:1      | 652 ||| DROPPING scroll of butterflies.
   653 | D:1      | 653 ||| DROPPING potion of brilliance.
  1131 | D:2      | Reached skill level 7 in Ranged Weapons
  1203 | D:2      | 1203 ||| RETREEEEATING.
  1210 | D:2      | Reached XP level 4. HP: 15/25 MP: 6/6
  1211 | D:2      | HP: 6/25 [gnoll/+0 club (7)]
  1212 | D:2      | 1212 ||| DRINKING 2 potions of heal wounds.
  1511 | D:2      | 1511 ||| UPGRADING to +0 scale mail.
  1521 | D:2      | 1521 ||| DROPPING +0 leather armour.
  1522 | D:2      | 1522 ||| READING scroll labelled KANIJAEN QISSA.
  1527 | D:2      | 1527 ||| READING scroll labelled MEUCEG YNWIPS.
  1528 | D:2      | 1528 ||| READING scroll labelled RUGAIKHL ZULEUGI.
  1529 | D:2      | 1529 ||| READING scroll labelled PASILA NOWAC.
  1633 | D:3      | Found a bloodstained altar of Trog.
  1640 | D:3      | HP: 5/25 [gnoll/+0 spear (2)]
  1640 | D:3      | HP: 1/25 [gnoll/+0 spear (4)]
  1640 | D:3      | Slain by a gnoll

Levels and vault maps discovered:
D:1:      mrwooster_arrival_statue, layout_basic
D:2:      layout_basic, minmay_misc_feat_secret_circle, skrybe_limestone_x
D:3:      layout_loops_ring, mainiacjoe_overflow_brackets, elyvilon_altar_5,
          bloody_trog, saegor_snake_ambush, uniq_robin, uniq_natasha,
          uniq_terence

Skill      XL: |  1  2  3 |
---------------+----------+-----
Ranged Weapons | 6 7 |  7.9
Fighting       | |  1.5
Dodging        | |  2.4
Stealth        | |  1.2

Action                     |  1- 3 |  4- 6 || total
---------------------------+-------+-------++-------
   Fire: Shortbow          |   109 |    23 ||   132
    Use: Scroll            |     4 |     4 ||     8
         Potion            |     1 |     1 ||     2
 Armour: Leather armour    |    32 |     5 ||    37
         Scale mail        |       |    12 ||    12
  Dodge: Dodged            |    25 |    15 ||    40

Table legend:
 A = Non-vault XP
 B = Vault XP
 C = Vault XP percentage of total XP
 D = Non-vault monster count
 E = Vault monster count
 F = Vault count percentage of total count
                 A         B        C        D         E       F
            +---------+---------+-------+---------+---------+-------
      Total |     140 |       0 |   0.0 |      43 |       0 |   0.0
            +---------+---------+-------+---------+---------+-------
        D:1 |      44 |       0 |   0.0 |      26 |       0 |   0.0
        D:2 |      92 |       0 |   0.0 |      15 |       0 |   0.0
        D:3 |       4 |       0 |   0.0 |       2 |       0 |   0.0
            +---------+---------+-------+---------+---------+-------
